Map: Concord LE

Players

MattBarry

  • Race: Terran Terran
  • League: Gold
  • Spawn Location: 1:00

Alebay

  • Race: Protoss Protoss
  • Spawn Location: 3:00

zenzen

  • Race: Protoss Protoss
  • Spawn Location: 3:00

MattBarry

  • Race: Zerg Zerg
  • Spawn Location: 12:00

TonyMontana

  • Race: Terran Terran
  • Spawn Location: 6:00

potatochip

  • Race: Zerg Zerg
  • Spawn Location: 7:00

SirChefo

  • Race: Zerg Zerg
  • Spawn Location: 9:00

Setadoon

  • Race: Zerg Zerg
  • Spawn Location: 6:00

VOD

Have the link to the VOD?

Description

Time

  • Played on: Jan. 18, 2023, 8:59 p.m.
  • Length: 8:48
Show
View Real Time Build Order
Export as new Build Order

MattBarry Terran 

Build Orders:  

Get SALT Encoding   

  12  0:01  SCV  
  13  0:13  SCV  
  14  0:18  Supply Depot  
  14  0:25  SCV  
  15  0:40  SCV  
  15  0:41  Barracks  
  16  0:44  Refinery  
  16  0:52  SCV  
  17  1:04  SCV  
  18  1:17  Barracks, SCV  
  19  1:30  Supply Depot, Reaper  
  20  1:37  Orbital Command  
  20  2:02  Reaper  
  20  2:06  SCV  
  22  2:17  Command Center  
  22  2:18  SCV  
  20  2:30  Reaper  
  12  2:50  Reaper  
  11  3:01  SCV  
  10  3:21  SCV  
  10  3:26  Reaper  
  12  3:29  Marine  
  12  3:32  SCV  
  12  3:33  SCV  
  14  4:01  SCV  
  14  4:02  Orbital Command  
  14  4:13  SCV  
  15  4:25  SCV  
  8  4:58  SCV  
  8  4:59  SCV  
  10  5:10  SCV  
  10  5:11  SCV  
  12  5:26  SCV x2  
  14  5:38  SCV x2  
  14  5:42  Marine x2  
  18  5:51  SCV x2  
  20  6:03  Marine x2, SCV x2  
  24  6:11  Engineering Bay  
  24  6:16  Factory  
  14  6:29  Marine x2  
  14  6:30  SCV x2  
  14  6:42  SCV  
  14  6:43  SCV  
  16  6:55  SCV x2  
  16  7:00  Marine x2  
  20  7:08  Factory  
  20  7:11  SCV x2  
  22  7:21  Marine x2  
  24  7:23  SCV x2  
  26  7:34  Bunker  
  19  7:51  Marine x2  
  19  7:55  Widow Mine  
  6  8:17  Widow Mine  
Show
View Real Time Build Order
Export as new Build Order

Alebay Protoss 

Build Orders:  

Get SALT Encoding   

  12  0:00  Probe  
  13  0:12  Probe  
  14  0:17  Pylon  
  14  0:24  Probe  
  15  0:37  Gateway, Probe  
  16  0:44  Assimilator  
  16  0:49  Probe  
  17  1:01  Probe  
  17  1:04  Pylon  
  18  1:14  Probe  
  19  1:19  Assimilator  
  19  1:26  Probe  
  19  1:28  Cybernetics Core  
  20  1:38  Probe  
  21  1:50  Probe  
  21  1:53  Pylon  
  22  1:59  Warp Gate (Chrono Boost)  
  22  2:06  Adept  
  24  2:12  Forge  
  24  2:17  Gateway  
  24  2:36  Adept  
  26  2:39  Pylon  
  26  3:00  Probe  
  27  3:18  Nexus  
  27  3:35  Adept x2  
  31  3:58  Probe  
  32  4:10  Probe  
  32  4:14  Adept x2  
  25  4:31  Probe x2  
  27  4:41  Adept x2  
  27  4:43  Probe x2  
  33  4:47  Protoss Ground Weapons Level 1 (Chrono Boost)  
  33  4:55  Probe x2  
  35  5:00  Twilight Council  
  35  5:07  Probe  
  35  5:08  Probe  
  37  5:16  Adept  
  37  5:17  Adept  
  37  5:20  Probe x2  
  43  5:24  Pylon  
  43  5:27  Pylon  
  43  5:38  Resonating Glaives  
  43  5:39  Probe  
  43  5:40  Probe  
  45  6:04  Adept  
  45  6:06  Stalker  
  49  6:13  Photon Cannon  
  49  6:18  Pylon  
  49  6:33  Stalker x2  
  53  6:59  Stalker x2  
  53  7:10  Photon Cannon  
  51  7:24  Gateway  
  51  7:26  Gateway  
  51  7:27  Probe x2  
  51  7:29  Assimilator  
  53  7:33  Stalker x2  
  53  7:34  Assimilator  
  57  7:39  Probe x2  
  51  7:51  Probe x2  
  45  8:15  Stalker x2  
  5  8:38  Stalker x2  
Show
View Real Time Build Order
Export as new Build Order

zenzen Protoss 

Build Orders:  

Get SALT Encoding   

  12  0:08  Probe  
  13  0:20  Probe  
  14  0:26  Assimilator  
  14  0:44  Probe  
  15  0:57  Assimilator  
  15  1:22  Pylon  
  15  1:26  Pylon  
  15  1:40  Probe  
  16  1:51  Gateway  
  16  1:52  Probe  
  17  1:59  Gateway  
  17  2:04  Probe  
  18  2:16  Probe  
  19  2:28  Probe  
  19  2:29  Pylon  
  20  2:35  Pylon  
  20  2:40  Probe  
  20  2:42  Zealot  
  23  2:48  Zealot  
  25  2:52  Probe  
  26  3:09  Zealot  
  28  3:15  Zealot  
  28  3:19  Cybernetics Core  
  30  3:36  Zealot  
  32  4:03  Zealot  
  34  4:15  Sentry  
  36  4:30  Stalker  
  38  4:33  Protoss Air Armor Level 1  
  40  4:41  Sentry  
  40  5:00  Stalker  
  40  5:04  Stalker, Robotics Facility  
  44  5:11  Stargate  
  44  5:14  Robotics Facility  
  44  5:30  Stalker  
  46  5:43  Pylon  
  46  5:47  Pylon  
  46  5:50  Pylon  
  46  5:56  Adept  
  47  6:01  Stalker  
  49  6:12  Phoenix  
  51  6:26  Adept  
  51  6:31  Adept  
  55  6:38  Observer  
  60  6:41  Protoss Air Weapons Level 1  
  60  6:42  Immortal  
  60  6:43  Void Ray  
  62  6:56  Stalker  
  64  7:17  Forge  
  64  7:26  Immortal, Stalker  
  70  7:58  Photon Cannon  
  70  8:05  Photon Cannon  
  70  8:12  Photon Cannon  
  70  8:20  Photon Cannon  
Show
View Real Time Build Order
Export as new Build Order

MattBarry Zerg 

Build Orders: 1 Base Baneling Bust, Pool First 

Get SALT Encoding   

  12  0:00  Drone  
  13  0:14  Overlord  
  13  0:17  Drone  
  14  0:33  Drone x2  
  16  1:10  Spawning Pool  
  15  1:20  Drone  
  15  1:22  Drone  
  15  1:25  Overlord  
  17  1:35  Drone  
  18  1:58  Spine Crawler  
  17  2:03  Queen, Spine Crawler  
  17  2:04  Zergling x4  
  17  2:05  Zergling x2  
  20  2:38  Zergling x2  
  20  2:39  Zergling x4  
  23  2:48  Extractor  
  22  3:32  Spine Crawler  
  21  3:36  Drone x3  
  24  4:07  Drone x2  
  24  4:08  Drone x3  
  29  4:13  Overlord  
  29  4:18  Baneling Nest  
  28  4:42  Metabolic Boost  
  28  4:46  Drone x3  
  30  5:16  Zergling x6  
  30  5:17  Zergling x4  
  35  5:35  Drone x2  
  36  5:53  Hatchery  
  34  6:07  Spore Crawler  
  34  6:09  Spore Crawler  
  34  6:10  Spore Crawler  
  23  6:40  Zergling x4  
  23  6:46  Zergling x6  
  27  7:03  Queen  
  29  7:09  Baneling x7  
  29  7:10  Baneling x3  
  29  7:19  Spore Crawler  
  23  7:38  Drone x3  
  23  7:39  Drone x3  
  23  7:40  Overlord  
  27  8:15  Zergling x4  
  27  8:16  Zergling x2  
Show
View Real Time Build Order
Export as new Build Order

TonyMontana Terran 

Build Orders: Gas First Reaper Expand 

Get SALT Encoding   

  13  0:07  SCV  
  13  0:15  Supply Depot  
  13  0:22  Refinery  
  13  0:59  Barracks  
  13  1:01  Barracks  
  13  1:05  SCV  
  14  1:38  Refinery  
  15  1:40  SCV  
  15  1:47  Reaper  
  15  1:50  Barracks, Reaper  
  17  1:54  Refinery  
  17  2:05  Orbital Command  
  17  2:19  Reaper  
  17  2:41  SCV  
  17  2:43  Reaper x2  
  17  3:04  Reaper  
  18  3:06  Bunker  
  18  3:15  Reaper  
  19  3:22  Reaper  
  20  3:36  Reaper  
  20  3:47  Reaper  
  17  4:03  Reaper  
  17  4:05  SCV  
  17  4:08  Reaper  
  20  4:29  SCV  
  16  5:00  SCV, Command Center  
  17  5:12  SCV  
  18  5:25  SCV  
  19  5:32  Supply Depot  
  19  5:34  Supply Depot  
  19  5:49  SCV  
  20  6:01  SCV  
  21  6:13  SCV  
  21  6:17  Factory  
  22  6:25  SCV  
  22  6:29  Command Center  
  23  6:47  SCV  
  23  6:48  Barracks Tech Lab  
  23  6:50  Barracks Reactor  
  23  6:51  Orbital Command  
  23  6:52  Barracks Tech Lab  
  24  7:11  Factory Reactor  
  24  7:12  Starport  
  24  7:15  SCV  
  25  7:24  Marine x2  
  25  7:27  Marine  
  25  7:29  SCV  
  29  7:32  Command Center  
  29  7:41  Orbital Command  
  29  7:42  Marine  
  30  7:45  SCV  
  30  7:47  SCV  
  32  7:57  Supply Depot, SCV  
  33  7:59  SCV  
  33  8:00  Medivac  
  33  8:03  Factory Tech Lab, Medivac  
  38  8:06  Marine x2  
  38  8:09  SCV  
  38  8:11  SCV  
  42  8:14  SCV  
  42  8:19  Refinery  
  43  8:20  Marine x2  
  43  8:21  SCV  
  43  8:26  SCV  
  47  8:34  Refinery  
Show
View Real Time Build Order
Export as new Build Order

potatochip Zerg 

Build Orders: 3 Hatch before Pool 

Get SALT Encoding   

  12  0:00  Drone  
  13  0:12  Overlord  
  13  0:17  Drone  
  14  0:31  Drone x2  
  16  0:36  Drone  
  17  0:52  Hatchery  
  17  0:55  Drone  
  17  1:02  Drone  
  18  1:17  Hatchery  
  17  1:24  Extractor  
  16  1:32  Spawning Pool  
  15  1:35  Drone  
  15  1:39  Drone  
  17  1:43  Drone  
  18  1:53  Drone  
  19  2:11  Hatchery  
  18  2:25  Lair  
  18  2:29  Extractor  
  17  2:33  Queen  
  19  2:43  Drone x2  
  21  2:45  Drone  
  21  2:48  Drone  
  23  2:52  Drone  
  23  2:56  Drone  
  25  3:04  Metabolic Boost  
  25  3:08  Drone  
  26  3:13  Drone  
  26  3:15  Drone  
  28  3:20  Drone  
  30  3:27  Drone x2  
  30  3:30  Drone  
  32  3:42  Spire  
  32  3:44  Drone  
  32  3:47  Drone  
  33  3:49  Drone  
  33  3:50  Drone  
  36  3:55  Drone  
  36  3:57  Drone  
  36  3:58  Drone  
  36  4:00  Drone  
  39  4:13  Queen, Extractor  
  39  4:15  Overlord  
  40  4:19  Extractor  
  39  4:24  Overlord  
  39  4:27  Drone  
  39  4:31  Overlord  
  40  4:32  Queen  
  40  4:33  Drone  
  40  4:35  Extractor, Drone  
  40  4:36  Drone  
  40  4:37  Extractor  
  43  4:41  Drone x2  
  43  4:42  Drone x2  
  47  4:46  Drone x2  
  47  4:48  Drone x2  
  47  4:52  Drone  
  52  4:58  Mutalisk  
  52  4:59  Mutalisk x2  
  58  5:03  Mutalisk  
  58  5:05  Mutalisk  
  62  5:08  Mutalisk  
  64  5:15  Overlord x2  
  64  5:19  Extractor  
  63  5:23  Drone  
  64  5:32  Overlord  
  64  5:33  Mutalisk x2, Queen, Drone  
  64  5:35  Drone  
  72  5:38  Overlord  
  72  5:40  Drone  
  73  5:44  Zerg Flyer Weapons Level 1  
  73  5:47  Drone  
  73  5:48  Drone  
  75  5:50  Overseer  
  75  5:54  Mutalisk x2  
  79  6:01  Mutalisk x2  
  79  6:03  Mutalisk  
  83  6:05  Overlord  
  83  6:08  Mutalisk  
  83  6:11  Mutalisk  
  87  6:17  Mutalisk  
  91  6:26  Mutalisk x2  
  91  6:31  Mutalisk  
  98  6:32  Zergling x2  
  98  6:33  Drone x3  
  98  6:35  Drone x2, Overlord  
  98  6:36  Drone  
  98  6:37  Overlord  
  104  6:41  Overlord  
  104  6:43  Overlord  
  104  6:44  Overseer  
  102  6:48  Mutalisk  
  102  6:52  Overlord  
  102  6:53  Mutalisk  
  106  6:59  Mutalisk x2  
  110  7:02  Mutalisk  
  110  7:08  Mutalisk  
  112  7:12  Zergling x4  
  112  7:13  Zergling x4  
  119  7:15  Drone, Overlord  
  119  7:16  Drone  
  119  7:17  Drone, Overlord  
  119  7:22  Mutalisk x2  
  121  7:27  Mutalisk  
  126  7:37  Mutalisk  
  128  7:47  Mutalisk x2  
  130  7:51  Mutalisk  
  130  7:53  Zergling x8  
  130  7:54  Zergling x4  
  130  7:55  Zergling x6  
  141  8:01  Zergling x2  
  141  8:03  Zergling x2  
  143  8:06  Zergling x4  
  143  8:10  Zergling x2  
  145  8:14  Mutalisk  
  145  8:18  Mutalisk x2  
  148  8:22  Mutalisk  
  148  8:25  Zergling x2  
  148  8:26  Overlord x2  
Show
View Real Time Build Order
Export as new Build Order

SirChefo Zerg 

Build Orders: 1 Base Baneling Bust, Pool First, Zergling Baneling 

Get SALT Encoding   

  12  0:01  Drone  
  13  0:08  Drone  
  14  0:27  Spawning Pool  
  13  0:28  Extractor  
  13  0:32  Drone  
  13  0:36  Drone  
  14  0:46  Overlord  
  14  1:14  Zergling x4  
  14  1:15  Zergling x2, Queen  
  19  1:26  Zergling x2  
  19  1:30  Metabolic Boost  
  20  1:40  Zergling x2  
  21  1:53  Baneling Nest, Overlord  
  20  2:01  Zergling x2  
  21  2:10  Zergling x2  
  19  2:40  Zergling x6  
  19  2:41  Zergling x2  
  19  2:43  Baneling x4  
  23  2:56  Zergling x2  
  20  3:25  Zergling x8  
  20  3:26  Zergling x2  
  25  3:35  Baneling  
  25  3:36  Baneling x6  
  15  4:33  Drone x6  
  15  4:34  Drone x3  
  24  4:46  Drone  
  24  4:49  Hatchery  
  24  4:52  Extractor  
  23  4:55  Drone  
  25  5:07  Drone  
  25  5:10  Lair  
  25  5:18  Overlord  
  25  5:20  Drone x2  
  27  5:24  Drone  
  28  5:43  Drone x2  
  28  5:46  Spore Crawler  
  29  5:55  Drone x3  
  32  6:01  Queen  
  34  6:04  Drone x2  
  36  6:11  Hydralisk Den  
  36  6:16  Infestation Pit  
  36  6:17  Drone  
  35  6:19  Drone  
  35  6:23  Drone  
  35  6:25  Drone  
  38  6:28  Drone  
  39  6:43  Drone x2  
  39  6:44  Drone  
  42  6:53  Drone x2  
  44  7:00  Muscular Augments  
  44  7:04  Overlord  
  44  7:06  Drone, Lurker Den  
  44  7:10  Overlord  
  44  7:12  Overlord  
  44  7:13  Hatchery  
  43  7:20  Hive  
  43  7:24  Drone  
  43  7:25  Drone x2  
  43  7:26  Drone  
  47  7:32  Drone x3  
  47  7:33  Drone  
  47  7:35  Extractor  
  50  7:38  Extractor  
  50  7:43  Drone x2  
  50  7:44  Drone x3  
  53  7:45  Drone  
  55  7:53  Drone  
  55  7:56  Drone  
  58  8:05  Drone x2  
  59  8:18  Drone x3, Extractor, Evolution Chamber  
  59  8:19  Drone  
  61  8:20  Evolution Chamber  
  61  8:21  Extractor  
  61  8:22  Evolution Chamber  
  61  8:25  Hatchery  
  57  8:30  Drone x5  
Show
View Real Time Build Order
Export as new Build Order

Setadoon Zerg 

Build Orders: Pool First 

Get SALT Encoding   

  12  0:19  Spawning Pool  
  11  0:25  Drone  
  12  0:32  Overlord  
  12  0:36  Drone  
  12  0:41  Drone  
  14  1:05  Zergling x2  
  14  1:06  Zergling x2  
  14  1:09  Zergling x2, Queen  
  19  1:19  Zergling x2  
  20  1:31  Zergling x2  
  21  1:45  Zergling x2  
  22  1:49  Hatchery  
  22  1:50  Extractor  
  22  1:53  Drone  
  21  2:06  Drone  
  22  2:13  Overlord  
  22  2:34  Zergling x2  
  23  2:41  Zergling x4  
  23  2:43  Zergling x2  
  24  2:53  Drone  
  22  3:01  Queen  
  22  3:02  Drone  
  22  3:04  Drone  
  25  3:22  Drone x2  
  25  3:23  Drone  
  28  3:31  Metabolic Boost  
  28  3:40  Zergling x2  
  28  3:41  Zergling x4  
  31  3:47  Zergling x2  
  32  3:50  Zergling x2, Hatchery  
  32  3:52  Zergling x2  
  33  3:59  Overlord  
  33  4:08  Overlord  
  32  4:17  Drone x3  
  35  4:24  Zergling x4  
  35  4:27  Zergling x2  
  37  4:43  Drone x5  
  37  4:45  Zergling x2  
  43  4:48  Zergling x2  
  44  4:54  Baneling Nest  
  44  4:59  Zergling x4  
  45  5:04  Zergling x2  
  45  5:05  Zergling x2  
  47  5:07  Zergling x2  
  47  5:10  Zergling x2  
  47  5:12  Zergling x2  
  50  5:19  Queen  
  52  5:23  Zergling x4  
  52  5:26  Drone  
  52  5:28  Drone  
  56  5:31  Drone  
  56  5:33  Drone  
  58  5:37  Overlord  
  58  5:41  Overlord  
  58  5:52  Baneling x3  
  58  5:53  Baneling x7  
  58  6:02  Overlord  
  58  6:04  Zergling x6  
  58  6:05  Zergling x2  
  61  6:25  Zergling x18  
  58  6:35  Zergling x4  
  58  6:39  Baneling x2  
  57  6:47  Zergling x8  
  57  6:54  Zergling x4  
  57  7:07  Hatchery  
  56  7:11  Hatchery, Drone x2  
  56  7:12  Drone  
  56  7:14  Drone  
  59  7:18  Drone  
  59  7:19  Drone  
  59  7:21  Drone  
  62  7:23  Drone  
  63  7:30  Drone x3  
  63  7:31  Drone  
  63  7:33  Drone  
  63  7:35  Drone  
  69  7:51  Zergling x2, Overlord x2  
  70  7:52  Zergling x10  
  70  8:07  Baneling  
  70  8:08  Baneling x4, Zergling x4  
  70  8:09  Zergling x14  
  72  8:20  Zergling x16  
  72  8:21  Zergling x2  
  79  8:31  Zergling x4  
Tags
 
Add a new tag
Caveats
  • Supply blocks, unpowered buildings, or Contaminate may cause inaccurate times.
  • Supply counts are checked every 10 seconds.